 Dungeon Crawl Stone Soup version 0.31-a0-210-gccc998df9b (webtiles) character file.

Game seed: 14008693708178545373

175 qw the Chopper (level 5, -2/32 HPs)
             Began as a Gargoyle Fighter on June 29, 2023.
             Slain by Menkaure (17 damage)
             ... on level 4 of the Dungeon.
             The game lasted 00:01:16 (2511 turns).

qw the Chopper (Gargoyle Fighter)                   Turns: 2511, Time: 00:01:16

Health: -2/32      AC: 13    Str: 21    XL:     5   Next: 55%
Magic:  5/5        EV:  7    Int:  9    God:
Gold:   138        SH:  4    Dex:  9    Spells: 4/4 levels left

rFire   + . .        Y - +0 war axe (protect)
rCold   . . .        c - +0 buckler
rNeg    + . .        k - +0 chain mail
rPois   inf          (no helmet)
rElec   +            (no cloak)
rCorr   +            (no gloves)
SInv    .            (no boots)
Will    .....        (no amulet) Stlth
                     f - ring of protection from fire
HPRegen 0.25/turn    m - ring of resist corrosion
MPRegen 0.09/turn

%: no passive effects
@: no status effects
A: sickness immunity, AC +4, negative energy resistance 1, electricity
resistance, torment resistance 1, petrification resistance
a: no special abilities


You were on level 4 of the Dungeon.
You visited 1 branch of the dungeon, and saw 4 of its levels.

You collected 138 gold pieces.


Innate Abilities, Weirdness & Mutations

You are immune to sickness and miasma.
Your stone body is resilient. (AC +4)
You are immune to poison.
You resist negative energy. (rN+)
You are resistant to electric shocks. (rElec)
You are resistant to unholy torment.
You are immune to petrification.


   Skills:
 + Level 3.4 Fighting
 - Level 5.0 Axes
 - Level 3.2 Armour
 - Level 3.2 Shields


You had 4 spell levels left.
You didn't know any spells.
Your spell library was empty.

Inventory:

Hand Weapons
 g - a +0 morningstar
 Y - a +0 war axe of protection (weapon)
Armour
 a - the +0 robe of the Tired Xalams {Drain Fly rCorr Int-2}
   (You found it on level 2 of the Dungeon)

   Int:       It affects your intelligence (-2).
   Fly:       It grants you flight.
   rCorr:     It protects you from acid and corrosion.
   Drain:     It drains your maximum health when unequipped.
 c - a +0 buckler (worn)
 k - a +0 chain mail (worn)
Jewellery
 f - a ring of protection from fire (left hand)
 m - a ring of resist corrosion (right hand)
Scrolls
 i - 2 scrolls of identify
Potions
 d - 3 potions of might
 e - a potion of haste
 h - a potion of brilliance {unknown}
 j - a potion of resistance {unknown}
 o - a potion of degeneration {unknown}

Dungeon Overview and Level Annotations

Branches:
Dungeon (4/15)
 Temple: D:4-7

Altars:
Elyvilon
Hepliaklqana
Sif Muna

Shops:
D:2 *

Annotations:
D:4 Menkaure


Message History

You closely miss the ball python. You block the ball python's attack.
The ball python constricts you.
You slash the ball python!
Your weapon exudes an aura of protection.
You kill the ball python!
Found a club.
Found a stone staircase leading up.
i - 2 scrolls of identify (gained 1)
There is a stone staircase leading up here.
You now have 138 gold pieces (gained 9).
There is a stone staircase leading up here.
A ball python comes into view.
The ball python hisses angrily.
Enter note:
Enter note: You slash the ball python!
Your weapon exudes an aura of protection.
You kill the ball python!
Found a stone staircase leading down.
Enter note:
Enter note: Menkaure, Prince of Dust comes into view.
Menkaure shouts!
Enter note:
Enter note:
2504 ||| Stepping ~*~*~tactically~*~*~ (hiding).
2505 ||| Stepping ~*~*~tactically~*~*~ (hiding).
2506 ||| Stepping ~*~*~tactically~*~*~ (hiding).
Menkaure casts a spell at you.
You barely resist.
Menkaure mumbles some strange words.
Menkaure seems to speed up.
Menkaure hits you!
Ouch! That really hurt!
Enter note:
Enter note: You barely miss Menkaure.
Menkaure hits you!
Ouch! That really hurt!
You die...

##### ...##
#...# ...# #.M#
##@# ##..#
##..## #..##
##.## ######..#
######......##
#...##.####.###
##.#......>....#


You could see Menkaure (fast).

Vanquished Creatures
  Ijyb (D:3)
  An orc wizard (D:4)
  5 adders
  An ufetubus (D:4)
  2 worms
  6 orcs
  6 bats
  8 endoplasms
  6 goblins
  6 hobgoblins
  8 kobolds
  2 quokkas
  6 ball pythons
  3 frilled lizards
  5 rats
66 creatures vanquished.

Notes
Turn   | Place    | Note
-------+----------+-------------------------------------------
     0 | D:1      | qw the Gargoyle Fighter began the quest for the Orb.
     0 | D:1      | Reached XP level 1. HP: 14/14 MP: 1/1
     0 | D:1      | 0 ||| qw: Version: 0.3-a-24-g62f9e04
     0 | D:1      | 0 ||| qw: Game counter: 6694
     0 | D:1      | 0 ||| qw: Melee chars always use a shield: true
     0 | D:1      | 0 ||| qw: God list: Okawaru
     0 | D:1      | 0 ||| qw: Allow faded altars: false
     0 | D:1      | 0 ||| qw: Do Orc after clearing Dungeon:15 true
     0 | D:1      | 0 ||| qw: Do second Lair branch before Depths: true
     0 | D:1      | 0 ||| qw: Lair rune preference: random
     0 | D:1      | 0 ||| qw: Goals: Normal, Zot:1-4, Slime:5, God:TSO, Crypt,
                  | Tomb, Abyss, Pan, Hells, Win
     0 | D:1      | 0 ||| PLANNING D:1-11
    84 | D:1      | Reached skill level 2 in Axes
   280 | D:1      | Reached XP level 2. HP: 17/19 MP: 2/2
   282 | D:1      | 282 ||| FLEEEEING.
   798 | D:1      | 798 ||| READING scroll labelled LYTAGITEHO.
   801 | D:1      | 801 ||| READING scroll labelled OTIKUHAAMU.
   834 | D:2      | Identified the +0 robe of the Tired Xalams {Drain Fly rCorr
                  | Int-2}
   891 | D:2      | Found a shimmering blue altar of Sif Muna.
   914 | D:2      | Reached skill level 3 in Axes
   914 | D:2      | Reached XP level 3. HP: 19/23 MP: 3/3
   934 | D:2      | 934 ||| DROPPING +0 club.
   939 | D:2      | Found Ehypul's General Store.
   945 | D:2      | 945 ||| SHOPLISTING potion of curing (39 gold, have 38).
   945 | D:2      | 945 ||| SHOPLISTING potion of might (52 gold, have 38).
  1135 | D:2      | Reached XP level 4. HP: 25/28 MP: 4/4
  1385 | D:2      | 1385 ||| READING scroll labelled RYUTI FEINO.
  1386 | D:2      | 1386 ||| READING 2 scrolls labelled LARORUITIN.
  1387 | D:2      | 1387 ||| READING scroll labelled RUYCYO DACSIE.
  1388 | D:2      | 1388 ||| READING scroll labelled UZERPH GOETUQIU.
  1511 | D:3      | Noticed Ijyb
  1521 | D:3      | Killed Ijyb
  1522 | D:3      | Reached skill level 4 in Axes
  1620 | D:3      | 1620 ||| Stepping ~*~*~tactically~*~*~ (stealth).
  1655 | D:3      | Reached XP level 5. HP: 23/32 MP: 5/5
  1697 | D:3      | 1697 ||| DROPPING +0 whip.
  1741 | D:3      | Found a hazy altar of Hepliaklqana.
  2126 | D:3      | Found a faded altar of an unknown god.
  2273 | D:3      | 2273 ||| UPGRADING to +0 chain mail.
  2283 | D:3      | 2283 ||| DROPPING +0 scale mail.
  2284 | D:3      | 2284 ||| UPGRADING to ring of protection from fire.
  2285 | D:3      | 2285 ||| UPGRADING to ring of resist corrosion.
  2286 | D:3      | 2286 ||| READING scroll labelled ONIANI WASUE.
  2310 | D:3      | 2310 ||| READING scroll labelled AKLISO AQARE.
  2311 | D:3      | 2311 ||| READING scroll labelled NASSIGY MECZO.
  2312 | D:3      | 2312 ||| DRINKING 2 brown potions.
  2369 | D:4      | 2369 ||| Stepping ~*~*~tactically~*~*~ (stealth).
  2371 | D:4      | 2371 ||| Stepping ~*~*~tactically~*~*~ (stealth).
  2373 | D:4      | 2373 ||| Stepping ~*~*~tactically~*~*~ (hiding).
  2376 | D:4      | 2376 ||| Stepping ~*~*~tactically~*~*~ (hiding).
  2377 | D:4      | 2377 ||| Stepping ~*~*~tactically~*~*~ (hiding).
  2388 | D:4      | Reached skill level 5 in Axes
  2405 | D:4      | Found a white marble altar of Elyvilon.
  2503 | D:4      | Noticed Menkaure
  2504 | D:4      | 2504 ||| Stepping ~*~*~tactically~*~*~ (hiding).
  2505 | D:4      | 2505 ||| Stepping ~*~*~tactically~*~*~ (hiding).
  2506 | D:4      | 2506 ||| Stepping ~*~*~tactically~*~*~ (hiding).
  2511 | D:4      | Slain by Menkaure

Levels and vault maps discovered:
D:1:      dpeg_arrival_signposts, layout_loops_ring
D:2:      layout_rooms, serial_shops, shop, basic_altar, grunt_ministairs_5
D:3:      layout_basic, mainiacjoe_overflow_alcove_1,
          shapermc_ecumenical_altar_starsandcircs, st_stairs_8,
          minmay_mini_jars, uniq_ijyb
D:4:      layout_loops_cross, mainiacjoe_overflow_boulevard,
          mainiacjoe_overflow_cross_hatched, minitemple,
          ebering_ghost_rock_garden, uniq_natasha, uniq_menkaure

Skill      XL: |  1  2  3  4  5 |
---------------+----------------+-----
Axes           | 2 3 4 5 |  5.0
Fighting       | |  3.4
Armour         | |  3.2
Shields        | |  3.2

Action                     |  1- 3 |  4- 6 || total
---------------------------+-------+-------++-------
  Melee: War axe           |   111 |    96 ||   207
    Use: Scroll            |     2 |     7 ||     9
         Potion            |       |     1 ||     1
 Armour: Scale mail        |    56 |    33 ||    89
         Chain mail        |       |    17 ||    17
  Dodge: Dodged            |    58 |    39 ||    97
  Block: Buckler           |    32 |    21 ||    53

Table legend:
 A = Non-vault XP
 B = Vault XP
 C = Vault XP percentage of total XP
 D = Non-vault monster count
 E = Vault monster count
 F = Vault count percentage of total count
                 A         B        C        D         E       F
            +---------+---------+-------+---------+---------+-------
      Total |     177 |      73 |  29.2 |      52 |      14 |  21.2
            +---------+---------+-------+---------+---------+-------
        D:1 |      19 |       0 |   0.0 |      12 |       0 |   0.0
        D:2 |      72 |       3 |   4.0 |      19 |       2 |   9.5
        D:3 |      28 |      70 |  71.4 |      12 |      12 |  50.0
        D:4 |      58 |       0 |   0.0 |       9 |       0 |   0.0
            +---------+---------+-------+---------+---------+-------
